 Dungeon Crawl Stone Soup version 0.30-a0-726-gd89dcf765f (webtiles) character file.

Game seed: 11497429478019301353

73 jimonade the Shooter (level 4, -5/25 HPs)
             Began as a Deep Elf Hunter on Jan 29, 2023.
             Slain by a gnoll
             ... wielding a +0 flail
              (10 damage)
             ... on level 3 of the Dungeon.
             The game lasted 00:02:13 (2029 turns).

jimonade the Shooter (Deep Elf Hunter)              Turns: 2029, Time: 00:02:13

Health: -5/25      AC:  3    Str:  8    XL:     4   Next: 8%
Magic:  6/6        EV: 12    Int: 14    God:
Gold:   91         SH:  0    Dex: 20    Spells: 3/3 levels left

rFire   . . .      SeeInvis .    a - +0 shortbow
rCold   . . .      Faith    .    (shield currently unavailable)
rNeg    . . .      Spirit   .    c - +0 leather armour
rPois   .          Reflect  .    (no helmet)
rElec   .          Harm     .    (no cloak)
rCorr   .          Rampage  .    (no gloves)
Will    .....                    (no boots)
Stlth   ++                       (no amulet)
HPRegen 0.24/turn                (no ring)
MPRegen 0.10/turn                (no ring)

@: no status effects
A: no striking features
a: no special abilities


You were on level 3 of the Dungeon.
You visited 1 branch of the dungeon, and saw 3 of its levels.

You collected 91 gold pieces.

Inventory:

Hand Weapons
 a - a +0 shortbow (weapon)
Missiles
 j - 11 poisoned darts
Armour
 c - a +0 leather armour (worn)
Jewellery
 l - an amulet of regeneration
 m - an amulet of guardian spirit
 q - a ring of fire
Scrolls
 b - 2 scrolls of immolation
 d - 2 scrolls of enchant weapon {unknown}
 g - 3 scrolls of identify {unknown}
 h - a scroll of fog {unknown}
 i - a scroll of blinking {unknown}
 r - 2 scrolls of teleportation {unknown}
 u - 3 scrolls of vulnerability {unknown}
Potions
 e - 2 potions of brilliance {unknown}
 f - 5 potions of flight {unknown}
 k - 2 potions of might {unknown}
 n - a potion of degeneration {unknown}
 o - a potion of resistance {unknown}
 p - a potion of heal wounds {unknown}
 s - a potion of curing {unknown}
 t - a potion of lignification {unknown}


   Skills:
 - Level 1.5 Fighting
 + Level 7.5 Ranged Weapons
 - Level 2.4 Dodging
 - Level 1.2 Stealth


You had 3 spell levels left.
You didn't know any spells.
Your spell library contained the following spells:

 Spells                   Type           Power      Damage    Failure   Level
 Dazzling Flash           Conj/Hex       0%         N/A       77%         3
 Iskenderun's Mystic Bla  Conj/Tloc      0%         2d3       99%         4
 Starburst                Conj/Fire      0%         6d3       100%        6


Dungeon Overview and Level Annotations

Branches:
Dungeon (3/15)

Altars:
Gozag
Nemelex Xobeh

Shops:
D:3 =


Message History

The gnoll attacks as you move away! The gnoll hits you with a +0 whip!
* * * LOW HITPOINT WARNING * * *
You are too injured to fight recklessly!
Fire: a) +0 shortbow
Press: ? - help, Q - select action, (/) - cycle Shift-Dir - straight line, f/p - gnoll
Aim: a gnoll, wielding a +0 whip (69% to hit)
You shoot an arrow. The arrow barely misses the gnoll.
The gnoll barely misses you.
Fire: a) +0 shortbow
Press: ? - help, Q - select action, (/) - cycle Shift-Dir - straight line, f/p - gnoll
Aim: a gnoll, wielding a +0 whip (69% to hit)
You shoot an arrow. The arrow closely misses the gnoll.
The gnoll closely misses you.
Fire: a) +0 shortbow
Press: ? - help, Q - select action, (/) - cycle Shift-Dir - straight line, f/p - gnoll
Aim: a gnoll, wielding a +0 whip (69% to hit)
You shoot an arrow. The arrow hits the gnoll.
The gnoll is moderately wounded.
The gnoll barely misses you.
Fire: a) +0 shortbow
Press: ? - help, Q - select action, (/) - cycle Shift-Dir - straight line, f/p - gnoll
Aim: a gnoll, wielding a +0 whip (moderately wounded, 69% to hit)
You shoot an arrow. The arrow hits the gnoll.
The gnoll is moderately wounded.
The gnoll hits you with a +0 whip.
* * * LOW HITPOINT WARNING * * *
Fire: a) +0 shortbow
Press: ? - help, Q - select action, (/) - cycle Shift-Dir - straight line, f/p - gnoll
Aim: a gnoll, wielding a +0 whip (moderately wounded, 69% to hit)
You shoot an arrow. The arrow closely misses the gnoll.
The arrow barely misses the gnoll.
The gnoll closely misses you.
Fire: a) +0 shortbow
Press: ? - help, Q - select action, (/) - cycle Shift-Dir - straight line, f/p - gnoll
Aim: a gnoll, wielding a +0 whip (moderately wounded, 69% to hit)
You shoot an arrow. The arrow barely misses the gnoll.
The arrow hits the gnoll!
You kill the gnoll!
The gnoll hits you with a +0 flail!
You die...

.#.#).#
#.#
...#..#
#.#
####.)#
#.#
####..#
#.###
......#
#...#
.###.##
###.#
......##
#.#
.......##
#.#
........#
#@#
.......##
#g#
......##
#g#
.###.##
####.# .#
###
#....# ##
#.#### #.
#. #g


You could see 2 gnolls.

Vanquished Creatures
  A gnoll (D:3)
  2 adders (D:2)
  A worm (D:3)
  2 dart slugs (D:1)
  5 orcs (D:3)
  2 ball pythons
  2 bats
  5 endoplasms
  A giant cockroach (D:1)
  2 goblins
  5 hobgoblins
  5 jackals
  A quokka (D:2)
  4 kobolds
  2 rats
40 creatures vanquished.

Notes
Turn   | Place    | Note
-------+----------+-------------------------------------------
     0 | D:1      | jimonade the Deep Elf Hunter began the quest for the Orb.
     0 | D:1      | Reached XP level 1. HP: 12/12 MP: 3/3
   232 | D:1      | Reached skill level 6 in Ranged Weapons
   232 | D:1      | Reached XP level 2. HP: 16/16 MP: 4/4
   920 | D:2      | Reached XP level 3. HP: 10/20 MP: 5/5
  1093 | D:2      | Found an opulent altar of Gozag.
  1394 | D:2      | Reached skill level 7 in Ranged Weapons
  1709 | D:3      | Found Hyfops's Jewellery Shoppe.
  1868 | D:3      | Reached XP level 4. HP: 19/25 MP: 6/6
  1896 | D:3      | Found a sparkling altar of Nemelex Xobeh.
  2029 | D:3      | Slain by a gnoll

Illustrated notes

Levels and vault maps discovered:
D:1:      wheals_arrival_linesprint, layout_basic, serial_park_tiny_2
D:2:      layout_loops_ring, serial_glass, glass_columns_a, glass_columns_b,
          basic_altar
D:3:      layout_loops_ring, nicolae_dithmenos_through_a_glass_darkly,
          okawaru_gym_becter, nicolae_overflow_crystal_walls, serial_shops,
          shop, lightli_corner_chamber

Skill      XL: |  1  2  3 |
---------------+----------+-----
Ranged Weapons | 6 7 |  7.5
Fighting       | |  1.5
Dodging        | |  2.4
Stealth        | |  1.2

Action                     |  1- 3 |  4- 6 || total
---------------------------+-------+-------++-------
   Fire: Shortbow          |   104 |    19 ||   123
 Armour: Leather armour    |     6 |     1 ||     7
  Dodge: Dodged            |    30 |     8 ||    38

Table legend: (Time is in decaauts)
 A = Elapsed time spent in this place.
 B = Non-inter-level travel time spent in this place.
 C = Inter-level travel time spent in this place.
 D = Time resting spent in this place.
 E = Time spent auto-exploring this place.
 F = Levels seen in this place.
 G = Mean time per level.
                   A        B        C        D        E       F      G
               +--------+--------+--------+--------+--------+-----+--------+
         Total |   2053 |   1970 |     83 |    139 |   1583 |   3 |  684.3 |
       Dungeon |   2053 |   1970 |     83 |    139 |   1583 |   3 |  684.3 |
               +--------+--------+--------+--------+--------+-----+--------+

Top non-repeatable levels by time:
     D:1: 1050 daAuts
     D:2: 674 daAuts
     D:3: 328 daAuts
